 Dungeon Crawl Stone Soup version 0.24.1-14-gf8d2b509d9 (webtiles) character file.

Game seed: 16063071894093519884, levelgen mode: deterministic

585 Hugehornet the Sneak (level 7, -7/41 HPs)
             Began as an Octopode Enchanter on May 20, 2020.
             Killed from afar by an orc wizard (11 damage)
             ... with a puff of flame
             ... on level 4 of the Dungeon.
             The game lasted 00:09:31 (4612 turns).

Hugehornet the Sneak (Octopode Enchanter)           Turns: 4612, Time: 00:09:33

Health: -7/41      AC:  1    Str:  7    XL:     7   Next: 37%
Magic:  8/10       EV: 13    Int: 19    God:
Gold:   143        SH: 10    Dex: 13    Spells: 3/10 levels left

rFire    . . .     SeeInvis .   h - +2 short sword (speed)
rCold    . . .     Gourm    .   w - +2 buckler
rNeg     . . .     Faith    .   (helmet restricted)
rPois    .         Spirit   .   e - +5 amulet of reflection
rElec    .         Reflect  +   (no ring)
rCorr    .         Harm     .   (no ring)
MR       .....                  (no ring)
Stlth    +++++.....             (no ring)
HPRegen  0.13/turn              (no ring)
MPRegen  0.12/turn              (no ring)
                                (no ring)
                                (no ring)

@: very slightly contaminated
A: almost no armour, stealthy swim, amphibious, 8 rings, constrict 8, camouflage
1, gelatinous body 1
a: no special abilities


You were on level 4 of the Dungeon.
You were not hungry.

You visited 1 branch of the dungeon, and saw 4 of its levels.

You collected 143 gold pieces.

Inventory:

Hand Weapons
 a - a +1 dagger
 h - a +2 short sword of speed (weapon)
Armour
 w - a +2 buckler (worn)
Jewellery
 e - a +5 amulet of reflection (around mantle)
 v - an uncursed ring of fire
Wands
 r - a wand of polymorph (8)
Scrolls
 f - 2 scrolls of noise {unknown}
 i - a scroll of immolation {unknown}
 j - 2 scrolls of remove curse {unknown}
 k - 2 scrolls of enchant weapon {unknown}
 m - a scroll of blinking {unknown}
 n - 2 scrolls of magic mapping {unknown}
 p - 4 scrolls of enchant armour {unknown}
 s - 2 scrolls of teleportation {unknown}
 x - a scroll of fear {unknown}
Potions
 b - a potion of agility
 d - a potion of cancellation {unknown}
 g - a potion of lignification
 l - a potion of invisibility
 o - 3 potions of haste
 q - 2 potions of resistance
 t - a potion of curing {unknown}
Comestibles
 c - 7 rations


   Skills:
 + Level 4.0 Short Blades
 - Level 2.0 Dodging
 * Level 7.9 Stealth
 * Level 0.4 Shields
 - Level 2.0 Spellcasting
 - Level 4.0 Hexes
 - Level 3.1 Ice Magic


You had 3 spell levels left.
You knew the following spells:

 Your Spells              Type           Power        Failure   Level  Hunger
a - Ensorcelled Hibernat  Hex/Ice        ###...       9%          2    ###....
b - Confusing Touch       Hex            ###...       4%          1    #......
c - Confuse               Hex            ###.....     14%         3    ###....
d - Corona                Hex            ###....      4%          1    #......

Your spell library contained the following spells:

 Spells                   Type           Power        Failure   Level  Hunger
 Tukima's Dance           Hex            ###.....     14%         3    ###....
 Animate Skeleton         Necr           N/A          26%         1    #......
 Apportation              Tloc           #.....       26%         1    #......
 Summon Small Mammal      Summ           #...         26%         1    #......
 Dazzling Spray           Conj/Hex       #.....       34%         3    ###....


Dungeon Overview and Level Annotations

Branches:
Dungeon (4/15)
 Temple: D:4-7

Altars:
Cheibriados
Dithmenos
Kikubaaqudgha
Trog
Wu Jian
Yredelemnul
The Shining One

Shops:
D:4 (


Innate Abilities, Weirdness & Mutations

You cannot wear most types of armour.
You are very stealthy in the water. (Stealth+)
You are amphibious.
You can wear up to eight rings at the same time.
You can use your tentacles to constrict eight enemies at once.
Your skin changes colour to match your surroundings (Stealth+).
Your rubbery body absorbs attacks. (AC +1, EV +1)


Message History

The orc wizard is heavily wounded.
You constrict the orc wizard.
The orc wizard points at you and mumbles some strange words.
The magic dart hits you.
* * * LOW HITPOINT WARNING * * *
You hit the orc wizard.
The orc wizard is severely wounded.
You constrict the orc wizard, but do no damage.
Casting: Ensorcelled Hibernation (safe; 9% risk of failure)
Confirm with . or Enter, or press ? or * to list all spells.
Aiming: Ensorcelled Hibernation (safe; 9% risk of failure)
Press: ? - help, Shift-Dir - straight line, f - orc wizard
Aim: an orc wizard, wielding a +0 dagger and wearing a cursed +0 robe (severely wounded, constricted by you, chance to defeat MR: 46%)
You miscast Ensorcelled Hibernation.
You are very lightly contaminated with residual magic.
Wisps of condensation drift from your tentacles.
You constrict the orc wizard, but do no damage.
The orc wizard casts a spell at you. The puff of flame hits you!
You die...

####...................#
#................####
###############.## #.#
#.# #.# #.#
##################.#
..)..).........o@..#
####################


You could see an orc wizard.

Vanquished Creatures
  Sigmund (D:4)
  A hound (D:4)
  Crazy Yiuf (D:3)
  An orc priest (D:4)
  An orc wizard (D:4)
  Terence (D:3)
  Natasha (twice) (D:3)
  A worker ant (D:4)
  A hound skeleton (D:4)
  Robin (D:2)
  8 adders
  A worm (D:2)
  3 dart slugs
  2 leopard geckos
  5 orcs (D:4)
  A ball python (D:3)
  10 bats
  4 giant cockroaches
  10 goblins
  13 hobgoblins
  9 jackals
  9 kobolds
  A quokka (D:3)
  2 frilled lizards
  3 rats
92 creatures vanquished.

Vanquished Creatures (others)
  An orc (D:4)
1 creature vanquished.

Grand Total: 93 creatures vanquished

Notes
Turn   | Place    | Note
-------+----------+-------------------------------------------
     0 | D:1      | Hugehornet the Octopode Enchanter began the quest for the
                  | Orb.
     0 | D:1      | Reached XP level 1. HP: 11/11 MP: 3/3
   301 | D:1      | Reached XP level 2. HP: 17/17 MP: 5/5
   305 | D:1      | Learned a level 2 spell: Ensorcelled Hibernation
   629 | D:1      | Reached skill level 5 in Stealth
   723 | D:1      | Reached skill level 1 in Ice Magic
   882 | D:1      | Reached XP level 3. HP: 21/21 MP: 6/6
   887 | D:1      | Learned a level 3 spell: Confuse
  1422 | D:2      | Noticed Robin
  1434 | D:2      | Killed Robin
  1434 | D:2      | Reached XP level 4. HP: 24/27 MP: 7/7
  2123 | D:2      | Found a basalt altar of Yredelemnul.
  2123 | D:2      | Found an ancient bone altar of Kikubaaqudgha.
  2123 | D:2      | Found an ornate altar of the Wu Jian Council.
  2123 | D:2      | Found a snail-covered altar of Cheibriados.
  2174 | D:2      | Found a bloodstained altar of Trog.
  2178 | D:2      | Found a glowing golden altar of the Shining One.
  2340 | D:2      | Found a faded altar of an unknown god.
  2626 | D:3      | Noticed Natasha
  2630 | D:3      | Killed Natasha
  2630 | D:3      | Reached XP level 5. HP: 31/31 MP: 8/8
  2726 | D:3      | Noticed Terence
  2738 | D:3      | Killed Terence
  2855 | D:3      | Reached skill level 6 in Stealth
  3096 | D:3      | Noticed Natasha
  3101 | D:3      | Killed Natasha
  3335 | D:3      | Learned a level 1 spell: Confusing Touch
  3408 | D:3      | Reached XP level 6. HP: 27/36 MP: 9/9
  3648 | D:3      | Found a runed translucent door.
  3649 | D:3      | Noticed Crazy Yiuf
  3858 | D:3      | Killed Crazy Yiuf
  4022 | D:4      | Noticed Sigmund
  4033 | D:4      | Killed Sigmund
  4033 | D:4      | Reached skill level 7 in Stealth
  4033 | D:4      | Reached XP level 7. HP: 31/41 MP: 10/10
  4114 | D:4      | Found Xazuh's Antique Weapon Shop.
  4436 | D:4      | Found a shadowy altar of Dithmenos.
  4612 | D:4      | Killed from afar by an orc wizard

Levels and vault maps discovered:
D:1:      dpeg_arrival_ternary, layout_loops_corners, minivault_26
D:2:      layout_rooms, minmay_overflow_temple_hex, first_ration,
          chequers_ecumenical_altar_simple_redux, roderic_cross_of_infinity,
          uniq_robin
D:3:      layout_loops_corners, feat_on_display, uniq_terence,
          uniq_crazy_yiuf_cottage, uniq_natasha
D:4:      layout_basic, minmay_temple_entry_tees, serial_shops,
          nicolae_shop_overgrown_old_shop, nicolae_dithmenos_the_darkroom,
          uniq_sigmund

Skill      XL: |  1  2  3  4  5  6  7 |
---------------+----------------------+-----
Stealth        | 5 6 7 |  7.9
Ice Magic      | 1 2 3 |  3.1
Short Blades   | 2 3 4 |  4.0
Hexes          | 4 |  4.0
Dodging        | |  2.0
Shields        | |  0.4
Spellcasting   | |  2.0

Action                   |  1- 3 |  4- 6 |  7- 9 || total
-------------------------+-------+-------+-------++-------
Melee: Dagger            |    15 |       |       ||    15
       Constrict         |    11 |    24 |     9 ||    44
       Tentacles         |     9 |     9 |     4 ||    22
       Short sword       |    50 |   134 |    39 ||   223
 Cast: Ensorcelled Hiber |       |     5 |     6 ||    11
       Confusing Touch   |       |     1 |       ||     1
  Use: Scroll            |       |     5 |       ||     5
       Potion            |       |     2 |       ||     2
 Stab: Sleeping          |    12 |    14 |     5 ||    31
       Confused          |       |     1 |       ||     1
  Eat: Chunk             |     1 |     9 |     2 ||    12
Armor: Skin              |     3 |    25 |       ||    28
Dodge: Dodged            |    23 |    62 |    12 ||    97
Block: Other             |       |     5 |     9 ||    14
       Buckler           |       |       |     4 ||     4
       Reflection        |       |       |     3 ||     3
